 Dungeon Crawl Stone Soup version 0.26-a0-30-g56b8cd3df0 (webtiles) character file.

Game seed: 16454194497097998707, levelgen mode: deterministic

702 Lanoc the Insei (level 7, -7/52 HPs)
             Began as a Vampire Transmuter on May 29, 2020.
             Mangled by Blork the orc
             ... wielding a +0 battleaxe
              (15 damage)
             ... on level 4 of the Dungeon.
             The game lasted 00:07:17 (2270 turns).

Lanoc the Insei (Vampire Transmuter)                Turns: 2270, Time: 00:07:17

Health: -7/52      AC:  1    Str: 17    XL:     7   Next: 39%
Magic:  0/10       EV: 14    Int: 19    God:
Gold:   98         SH:  5    Dex: 15    Spells: 4/10 levels left

rFire    . . .     SeeInvis +     - Unarmed
rCold    . . .     Gourm    .   (no shield)
rNeg     . . .     Faith    .   b - +0 robe
rPois    .         Spirit   .   (no helmet)
rElec    .         Reflect  +   (no cloak)
rCorr    .         Harm     .   (no gloves)
MR       .....                  (no boots)
Stlth    +.........             i - amulet of reflection
HPRegen  0.37/turn              l - +6 ring of strength
MPRegen  0.12/turn              (no ring)

@: appendage, stab, flying, regenerating quickly
A: no food, fangs 3, horns 2, see invisible, clever 1, deformed body, strong 1,
unbreathing
a: Exsanguinate, End Transformation


You were on level 4 of the Dungeon.
You were alive.
You had grown temporary horns.
You visited 1 branch of the dungeon, and saw 4 of its levels.

You collected 98 gold pieces.

Inventory:

Hand Weapons
 a - a +0 hunting sling
Missiles
 d - 2 arrows
 o - 19 stones (quivered)
Armour
 b - a +0 robe (worn)
Jewellery
 i - an amulet of reflection (around neck)
 l - a +6 ring of strength (left hand)
 p - an uncursed ring of protection from fire
Scrolls
 c - a scroll of noise {unknown}
 g - a scroll of remove curse {unknown}
 h - 3 scrolls of blinking {unknown}
 j - a scroll of identify {unknown}
 m - a scroll of amnesia {unknown}
 n - a scroll of enchant armour {unknown}
Potions
 e - a potion of curing


   Skills:
 + Level 3.2 Fighting
 + Level 4.5 Dodging
 * Level 6.5 Unarmed Combat
 - Level 2.0 Spellcasting
 + Level 4.4 Transmutations


You had 4 spell levels left.
You knew the following spells:

 Your Spells              Type           Power        Failure   Level  Hunger
a - Beastly Appendage     Tmut           ###...       2%          1    N/A
b - Sticks to Snakes      Tmut           ###.....     4%          2    N/A
c - Spider Form           Tmut/Pois      ##........   21%         3    N/A

Your spell library contained the following spells:

 Spells                   Type           Power        Failure   Level  Hunger
 Ice Form                 Ice/Tmut       ##......     56%         4    N/A
 Blade Hands              Tmut           ###.......   58%         5    N/A

Dungeon Overview and Level Annotations

Branches:
Dungeon (4/15)
 Temple: D:4-7

Altars:

Annotations:
D:2 Sigmund
D:4 Blork the orc


Innate Abilities, Weirdness & Mutations

You do not eat.
Your natural rate of healing is unusually fast.
You have razor-sharp teeth.
You have supernaturally acute eyesight. (SInv)
You can survive without breathing.
You have a pair of horns on your head.
Your mind is acute. (Int +2)
Armour fits poorly on your strangely shaped body.
Your muscles are strong. (Str +2)


Message History

It was a potion of stabbing.
You feel ready to backstab.
Blork the orc points at you and mumbles some strange words.
The magic dart hits you.
* * * LOW HITPOINT WARNING * * *
It was a potion of mutation.
You feel extremely strange.
Your body twists and deforms.
You feel stronger.
You feel clever.
Blork the orc casts a cantrip, but nothing happens.
It was a potion of flight.
You feel very buoyant.
You fly up into the air.
Blork the orc points at you and mumbles some strange words.
The magic dart hits you.
* * * LOW HITPOINT WARNING * * *
You feel better.
Casting: Sticks to Snakes (safe; 4% risk of failure)
Confirm with . or Enter, or press ? or * to list all spells.
You grow a pair of large bovine horns.
Blork the orc hits you with a +0 battleaxe!
You die...

#.........##......'.......)))....
######%.#.##>.....##.############
##.#.##......##.#
#...##...<..##.# ##..##...#####.#
#.######..##...#####.###########
.......)..##.........##........#
#.######..)#.#.########........##
#........@o...............
#.#.#.#.#................#
#.#^#.#.#................#
..#...#.#......#######'#.#
#......#.#......# #.#.#
.......#.#......# #.#.#
........#.######## #.#..
#####.#.# #.### #.#


You could see Blork the orc (fast).

Vanquished Creatures
  Grinder (D:4)
  Edmund (D:4)
  An orc priest (D:4)
  An iguana (D:4)
  Natasha (thrice) (D:3)
  3 orc wizards (D:4)
  A worker ant (D:4)
  4 adders
  A howler monkey skeleton (D:4)
  An adder skeleton (D:4)
  A worm (D:3)
  17 orcs
  3 giant cockroaches
  3 goblins
  A hobgoblin (D:3)
  8 jackals
  A ball python (D:2)
  3 bats
  4 frilled lizards
  A kobold (D:3)
  A leopard gecko skeleton (D:4)
  5 rats
65 creatures vanquished.

Vanquished Creatures (collateral kills)
  Purgy (D:3)
1 creature vanquished.

Grand Total: 66 creatures vanquished

Notes
Turn   | Place    | Note
-------+----------+-------------------------------------------
     0 | D:1      | Lanoc the Vampire Transmuter began the quest for the Orb.
     0 | D:1      | Reached XP level 1. HP: 14/14 MP: 3/3
     7 | D:1      | You fall into a shaft and drop 1 floor!
    21 | D:2      | Reached skill level 1 in Fighting
    21 | D:2      | Reached XP level 2. HP: 10/21 MP: 1/5
   195 | D:2      | Noticed Sigmund
   232 | D:3      | Noticed Natasha
   260 | D:3      | Killed Natasha
   260 | D:3      | Reached skill level 4 in Unarmed Combat
   260 | D:3      | Reached XP level 3. HP: 11/26 MP: 4/6
   418 | D:3      | Learned a level 2 spell: Sticks to Snakes
   437 | D:3      | Noticed Purgy
   606 | D:3      | Reached XP level 4. HP: 27/33 MP: 7/7
   708 | D:3      | Noticed Natasha
   722 | D:3      | Killed Natasha
   844 | D:3      | Noticed Natasha
   854 | D:3      | Killed Natasha
   859 | D:3      | Reached XP level 5. HP: 18/38 MP: 8/8
  1105 | D:3      | Killed Purgy
  1105 | D:3      | Reached skill level 5 in Unarmed Combat
  1399 | D:4      | Noticed an orc warrior
  1482 | D:4      | Learned a level 3 spell: Spider Form
  1563 | D:4      | Noticed Edmund
  1586 | D:4      | Killed Edmund
  1586 | D:4      | Reached XP level 6. HP: 20/46 MP: 7/9
  2018 | D:4      | Reached skill level 6 in Unarmed Combat
  2082 | D:4      | Reached XP level 7. HP: 40/51 MP: 10/10
  2190 | D:4      | Noticed Grinder
  2193 | D:4      | Paralysed by Grinder for 5 turns
  2211 | D:4      | Noticed Blork the orc
  2224 | D:4      | Killed Grinder
  2267 | D:4      | Gained mutation: Armour fits poorly on your strangely
                  | shaped body. [potion of mutation]
  2267 | D:4      | Gained mutation: Your muscles are strong. (Str +2) [potion
                  | of mutation]
  2267 | D:4      | Gained mutation: Your mind is acute. (Int +2) [potion of
                  | mutation]
  2268 | D:4      | HP: 2/52 [Blork the orc/magic dart (6)]
  2270 | D:4      | Mangled by Blork the orc

Illustrated notes

Levels and vault maps discovered:
D:1:      dpeg_arrival_simpleton_a, layout_basic
D:2:      layout_rooms, skrybe_limestone_x, uniq_sigmund
D:3:      layout_basic, uniq_natasha, uniq_purgy
D:4:      layout_basic, first_ration, uniq_blork_the_orc, uniq_edmund,
          uniq_grinder

Skill      XL: |  1  2  3  4  5  6  7 |
---------------+----------------------+-----
Fighting       | 1 2 3 |  3.2
Unarmed Combat | 4 5 6 |  6.5
Dodging        | 3 4 |  4.5
Transmutations | 3 4 |  4.4
Spellcasting   | |  2.0

Action                   |  1- 3 |  4- 6 |  7- 9 || total
-------------------------+-------+-------+-------++-------
Melee: Unarmed           |    76 |   154 |    38 ||   268
       Headbutt          |     7 |    11 |     2 ||    20
       Bite              |     5 |    17 |     2 ||    24
       Kick              |     7 |     9 |       ||    16
       Punch             |       |     5 |       ||     5
 Fire: Hunting sling     |       |     5 |       ||     5
 Cast: Beastly Appendage |    14 |    17 |     3 ||    34
       Sticks to Snakes  |       |     2 |     8 ||    10
       Spider Form       |       |     1 |       ||     1
Evoke: Wand              |       |     3 |       ||     3
  Use: Potion            |       |       |     5 ||     5
 Stab: Sleeping          |     1 |       |       ||     1
       Distracted        |       |       |     1 ||     1
Armor: Robe              |    21 |    12 |     1 ||    34
Dodge: Dodged            |    84 |    79 |    14 ||   177
Block: Other             |       |     7 |     6 ||    13

Table legend:
 A = Non-vault XP
 B = Vault XP
 C = Vault XP percentage of total XP
 D = Non-vault monster count
 E = Vault monster count
 F = Vault count percentage of total count
                 A         B        C        D         E       F
            +---------+---------+-------+---------+---------+-------
      Total |     472 |     532 |  53.0 |      62 |       4 |   6.1
            +---------+---------+-------+---------+---------+-------
        D:2 |      21 |       0 |   0.0 |       7 |       0 |   0.0
        D:3 |     162 |     110 |  40.4 |      29 |       2 |   6.5
        D:4 |     289 |     422 |  59.4 |      26 |       2 |   7.1
            +---------+---------+-------+---------+---------+-------
